 Dungeon Crawl Stone Soup version 0.31.0-11-ge490571c62 (webtiles) character file.

Game seed: 16420774263677870431

5650 Lamech the Chopper (level 10, -10/81 HPs)
             Began as a Red Draconian Brigand on Jan 31, 2024.
             Was a High Priest of Cheibriados.
             Mangled by an orc warlord
             ... wielding a +2 battleaxe
              (24 damage)
             ... in a bailey.
             The game lasted 00:26:23 (9117 turns).

Lamech the Chopper (Red Draconian Brigand)          Turns: 9117, Time: 00:26:24

Health: -10/81     AC: 12    Str: 27    XL:     10   Next: 46%
Magic:  9/15       EV: 15    Int: 26    God:    Cheibriados [*****.]
Gold:   303        SH: 12    Dex: 25    Spells: 10/16 levels left

rFire   + . .        j - +3 war axe (protect)
rCold   . . .        i - +0 buckler
rNeg    . . .        (body armour unavailable)
rPois   +            (helmet restricted)
rElec   .            b - +0 cloak
rCorr   .            (no gloves)
SInv    .            (no boots)
Will    .....        o - amulet of reflection
Stlth   ++++         k - +4 ring of protection
HPRegen 0.33/turn    h - ring of poison resistance
MPRegen 0.14/turn

%: reflection
@: short of breath, very slow
A: breathe fire, AC +7, unfitting armour, fire resistance 1, cold-blooded,
inability to read after injury 1
a: Breathe Fire, Renounce Religion, Bend Time, Temporal Distortion, Slouch, Step
From Time


You were in a bailey.
You worshipped Cheibriados.
Cheibriados was extremely pleased with you.
You visited 1 branch of the dungeon, and saw 9 of its levels.
You also visited: Bailey.

You collected 430 gold pieces.
You spent 127 gold pieces at shops.

Inventory:

Hand Weapons
 a - a +2 dagger
 j - a +3 war axe of protection (weapon)
Missiles
 c - 14 poisoned darts
 d - 2 curare-tipped darts
 A - 9 boomerangs
Armour
 b - a +0 cloak (worn)
 i - a +0 buckler (worn)
Jewellery
 h - a ring of poison resistance (right hand)
 k - a +4 ring of protection (left hand)
 n - a +4 ring of protection
 o - an amulet of reflection (around neck)
Wands
 w - a wand of mindburst (8)
 x - a wand of quicksilver (2)
Scrolls
 e - 3 scrolls of teleportation
 g - a scroll of enchant armour
 l - a scroll of amnesia
 m - 5 scrolls of poison
 q - a scroll of fog
 t - 3 scrolls of silence
 v - a scroll of vulnerability
 D - 2 scrolls of blinking
Potions
 f - a potion of lignification
 p - 2 potions of might
 r - a potion of curing
 s - 4 potions of magic
 u - 2 potions of enlightenment
 z - a potion of attraction
 C - a potion of brilliance {unknown}


   Skills:
 * Level 5.1 Fighting
 * Level 5.0 Short Blades
 * Level 7.6 Axes
 + Level 2.6 Throwing
 * Level 4.6 Dodging
 * Level 6.2 Stealth
 * Level 4.9 Shields
 * Level 3.6 Spellcasting
 * Level 2.3 Conjurations
 * Level 2.2 Earth Magic
 * Level 4.5 Invocations
 * Level 3.4 Evocations


You had 10 spell levels left.
You knew the following spells:

 Your Spells              Type           Power      Damage    Failure   Level
a - Stone Arrow           Conj/Erth      32%        3d9       12%         3
b - Passwall              Erth           16%        N/A       12%         3

Your spell library contained the following spells:

 Spells                   Type           Power      Damage    Failure   Level
 Sandblast                Erth           32%        2d9       4%          1
 Necrotise                Necr           16%        1d4       10%         1
 Momentum Strike          Conj/Tloc      20%        3d8       10%         2
 Blink                    Tloc           8%         N/A       16%         2
 Lesser Beckoning         Tloc           8%         N/A       16%         2
 Brom's Barrelling Bould  Conj/Erth      16%        2d4       36%         4
 Summon Blazeheart Golem  Fire/Summ      4%         N/A       69%         4
 Orb of Destruction       Conj           8%         9d6       100%        7
 Spellforged Servitor     Conj/Summ      5%         N/A       100%        7


Dungeon Overview and Level Annotations

Branches:
Dungeon (9/15)             Temple (0/1) D:5          Bailey (1/1)
   Lair: D:8-11         Orc: D:9-12

Altars:
Cheibriados
Dithmenos
Elyvilon
Fedhas
Kikubaaqudgha
Makhleb
Nemelex Xobeh
Sif Muna
Uskayaw
Vehumet
Xom
Zin

Shops:
D:3 =   D:4 (!!(

Annotations:
D:4 1 runed translucent door, Arctor's ghost, amateur DEAE


Innate Abilities, Weirdness & Mutations

You can breathe blasts of fire.
Your fiery red scales are hard. (AC +7)
You cannot fit into any form of body armour.
Your flesh is heat resistant. (rF+)
You are cold-blooded and may be slowed by cold attacks.
You occasionally lose the ability to read scrolls when taking damage.


Message History

You tail-slap the orc warlord, but do no damage.
The orc warlord is heavily wounded.
The orc warlord hits you with a +2 battleaxe!
* * * LOW HITPOINT WARNING * * *
You hit the orc warlord but do no damage.
The orc warlord is heavily wounded.
The orc warlord hits you with a +2 battleaxe!
* * * LOW HITPOINT WARNING * * *
Unknown command.
Blink to where?
Press: ? - help, Dir - move target, p - orc warlord
As you read the scroll of blinking, it crumbles to dust.
Aiming: Mindburst
Press: ? - help, Shift-Dir - straight line, f - orc warlord
Aim: an orc warlord, wielding a +2 battleaxe and wearing a +0 chain mail (heavily wounded, chance to affect: 44%)
Okay, then.
Aiming: Quicksilver Bolt
Press: ? - help, Shift-Dir - straight line, f - orc warlord
Aim: an orc warlord, wielding a +2 battleaxe and wearing a +0 chain mail (heavily wounded, 81% to hit)
The bolt of dispelling energy hits the orc warlord!
The orc warlord is severely wounded.
Aiming: Stone Arrow (dangerous; 12% risk of failure)
Press: ? - help, Q - select action, (/) - cycle Shift-Dir - straight line, f/p - orc warlord
Aim: an orc warlord, wielding a +2 battleaxe and wearing a +0 chain mail (severely wounded, 77% to hit)
The stone arrow misses the orc warlord.
You feel much better.
You have got your breath back.
Aiming: Breathe Fire (3% risk of failure)
Press: ? - help, Shift-Dir - straight line, f/p - orc warlord
Aim: an orc warlord, wielding a +2 battleaxe and wearing a +0 chain mail (severely wounded, 77% to hit)
You breathe a blast of fire.
The fiery breath hits the orc warlord!
The orc warlord is severely wounded.
The orc warlord is engulfed in a cloud of scalding steam.
The orc warlord hits you with a +2 battleaxe!!
* * * LOW HITPOINT WARNING * * *
Unknown command.
You barely miss the orc warlord.
The orc warlord is severely wounded.
The orc warlord hits you with a +2 battleaxe!!
You die...

##.........###.).#
#.....⌠.....###)###
##.........##88.88##
#.........#...§...#
##......)##.......##
#.......))........+
##.....##.........##
#######...).o.....#
##....@....##
#.........#
##.......##
#.......# ##..∩..##
#######


You could see an orc warlord.

Vanquished Creatures
  A two-headed ogre (D:9)
  Pikel (D:6)
  A kobold demonologist (D:6)
  A wyvern (D:7)
  A vampire mosquito (D:6)
  A water moccasin (D:5)
  2 sky beasts (D:7)
  A black bear (D:7)
  11 orc warriors
  An ice beast (D:6)
  2 ogres (D:6)
  3 centaurs
  A phantom (D:6)
  A gnoll sergeant (D:8)
  A bullfrog (D:6)
  3 scorpions
  5 wights (D:8)
  10 killer bees
  A howler monkey (D:6)
  A bombardier beetle (D:3)
  A lava snake (D:7)
  A hound (D:6)
  2 jellies
  4 orc priests
  3 sleepcaps
  2 iguanas
  9 orc wizards
  Robin (D:3)
  20 gnolls
  4 adders
  3 ufetubi
  2 ribbon worms
  2 dart slugs
  44 orcs
  6 bats
  8 endoplasms
  A giant cockroach (D:1)
  22 goblins
  15 hobgoblins
  5 jackals
  6 kobolds
  2 quokkas
  8 ball pythons
  A frilled lizard (D:1)
  4 rats
225 creatures vanquished.

Notes
Turn   | Place    | Note
-------+----------+-------------------------------------------
     0 | D:1      | Lamech the Draconian Brigand began the quest for the Orb.
     0 | D:1      | Reached XP level 1. HP: 17/17 MP: 1/1
   173 | D:1      | Reached skill level 1 in Dodging
   251 | D:1      | Reached XP level 2. HP: 24/24 MP: 2/2
   511 | D:2      | Found a snail-covered altar of Cheibriados.
   524 | D:2      | Became a worshipper of Cheibriados the Contemplative
   758 | D:2      | Reached XP level 3. HP: 30/30 MP: 3/3
  1448 | D:1      | Found a faded altar of an unknown god.
  1547 | D:1      | Reached * piety under Cheibriados
  2392 | D:3      | Reached XP level 4. HP: 34/37 MP: 4/4
  2407 | D:3      | Found a burning altar of Makhleb.
  2503 | D:3      | Reached skill level 1 in Axes
  2503 | D:3      | Reached skill level 1 in Shields
  2503 | D:3      | Reached skill level 1 in Invocations
  2508 | D:3      | Found Hydohasch's Jewellery Shoppe.
  2546 | D:3      | Noticed Robin
  2556 | D:3      | Reached ** piety under Cheibriados
  2564 | D:3      | Killed Robin
  2685 | D:3      | Reached XP level 5. HP: 42/42 MP: 5/5
  2713 | D:3      | Found a white marble altar of Elyvilon.
  3266 | D:4      | Found Tafi's Distillery.
  3292 | D:4      | Reached skill level 2 in Axes
  3300 | D:4      | Bought a potion of berserk rage for 55 gold pieces
  3300 | D:4      | Bought a potion of curing for 33 gold pieces
  3404 | D:4      | Noticed an orc warrior
  3416 | D:4      | Killed an orc warrior
  3416 | D:4      | Reached *** piety under Cheibriados
  3417 | D:4      | Reached XP level 6. HP: 51/51 MP: 5/7
  3431 | D:4      | HP: 1/76 [poisoned by an orc wizard]
  3440 | D:4      | HP: 3/76 [poisoned by an orc wizard]
  3662 | D:4      | Found a runed translucent door.
  3720 | D:4      | Reached skill level 3 in Axes
  3854 | D:4      | Noticed Arctor's ghost (amateur DEAE)
  3974 | D:4      | Found Hewkic's Weapon Shop.
  4018 | D:4      | Found Synun's Distillery.
  4041 | D:4      | Bought a potion of curing for 39 gold pieces
  4094 | D:4      | Found Sajios's Antique Weapon Shoppe.
  4210 | D:4      | Found a shimmering altar of Xom.
  4316 | D:5      | Entered Level 5 of the Dungeon
  4372 | D:5      | Gained mutation: You occasionally lose the ability to read
                  | scrolls when taking damage. [potion of mutation]
  4401 | D:5      | Your scales start taking on a fiery red colour.
  4401 | D:5      | Reached XP level 7. HP: 25/57 MP: 8/8
  4401 | D:5      | Gained mutation: Your flesh is heat resistant. (rF+) [Red
                  | Draconian growth]
  4611 | D:5      | Found a blossoming altar of Fedhas.
  4643 | D:5      | Found a shadowy altar of Dithmenos.
  4821 | D:5      | Reached skill level 4 in Axes
  4821 | D:5      | Reached skill level 1 in Spellcasting
  4860 | D:5      | Found a snail-covered altar of Cheibriados.
  4892 | D:5      | Reached skill level 5 in Stealth
  4945 | D:5      | Reached **** piety under Cheibriados
  5285 | D:5      | Found a staircase to the Ecumenical Temple.
  5762 | D:6      | Noticed a vampire mosquito
  5769 | D:6      | Reached XP level 8. HP: 42/66 MP: 10/10
  5772 | D:6      | Noticed a kobold demonologist
  5776 | D:6      | Noticed an orange demon
  5781 | D:6      | Killed a kobold demonologist
  5782 | D:6      | Reached skill level 5 in Axes
  5782 | D:6      | Reached skill level 1 in Evocations
  5788 | D:6      | HP: 3/66 [orc warrior/+0 trident (7)]
  5893 | D:6      | Noticed Pikel
  5900 | D:6      | Killed Pikel
  5901 | D:6      | Reached XP level 9. HP: 43/71 MP: 12/12
  5905 | D:6      | Learned a level 3 spell: Stone Arrow
  6057 | D:6      | Reached skill level 6 in Axes
  6207 | D:6      | Identified the +0 robe "Vengilinn" {rN+ Regen+ Int-2}
  6544 | D:6      | Found a radiant altar of Vehumet.
  6548 | D:6      | Found an ancient bone altar of Kikubaaqudgha.
  6549 | D:6      | Found a shimmering blue altar of Sif Muna.
  6555 | D:6      | Got Kikubaaqudgha's Annotations on the Autopsy
  6707 | D:6      | Learned a level 3 spell: Passwall
  7032 | D:7      | Found a hide-covered altar of Uskayaw.
  7312 | D:7      | Found a sparkling altar of Nemelex Xobeh.
  7399 | D:7      | Found a glowing silver altar of Zin.
  7559 | D:7      | Reached skill level 1 in Conjurations
  7668 | D:7      | Reached skill level 1 in Earth Magic
  8322 | D:8      | Reached ***** piety under Cheibriados
  8730 | D:9      | Noticed a two-headed ogre
  8737 | D:9      | Killed a two-headed ogre
  8738 | D:9      | Reached skill level 7 in Axes
  8738 | D:9      | Reached XP level 10. HP: 80/80 MP: 8/15
  8766 | D:9      | Identified the +3 robe "Orhy Weatim" {+Inv rF+ Int+4}
  8868 | D:9      | Found a flagged portal.
  8883 | Bailey   | Entered a bailey
  9007 | Bailey   | Reached skill level 5 in Fighting
  9035 | Bailey   | Reached skill level 5 in Short Blades
  9097 | Bailey   | Noticed an orc warlord
  9117 | Bailey   | Mangled by an orc warlord

Illustrated notes

Levels and vault maps discovered:
D:1:      dpeg_arrival_concentric_ovals, layout_basic,
          hellmonk_ecumenical_altar_heavens_door
D:2:      layout_basic, basic_altar, minmay_misc_feat_ornament
D:3:      layout_loops_corners, lightli_temple_of_fire,
          nicolae_elyvilon_peaceful_grove, serial_shops,
          nicolae_shop_getting_attention, st_stairs_13,
          nicolae_elevator_lobby_plus, uniq_robin
D:4:      layout_cave_pools, led_xom_imps, ebering_ghost_sewer_d, serial_shops,
          shop, shop, shop, nicolae_shop_peninsula
D:5:      layout_layer_cave, mainiacjoe_overflow_concentric_impassable,
          lemuel_doored_altar, nicolae_dithmenos_the_darkroom,
          minmay_temple_entry_nine_rooms
D:6:      kb_forest_paths, layout_basic, grunt_temple_overflow_magic_moments,
          minmay_small_thing, uniq_pikel
D:7:      layout_loops_ring, nicolae_uskayaw_suspiria,
          mainiacjoe_overflow_cross_hatched, kennysheep_mini_moat
D:8:      layout_loops_ring
D:9:      layout_irregular_city, lightli_bailey_entry_fortress
Bailey:   bailey_axe_minmay_hex_keep, bailey

Skill      XL: |  1  2  3  4  5  6  7  8  9 10 |
---------------+-------------------------------+-----
Dodging        | 1 2 3 4 |  4.6
Stealth        | 4 5 6 |  6.2
Axes           | 1 2 3 4 5 7 |  7.6
Shields        | 1 2 3 4 |  4.9
Invocations    | 1 2 3 4 |  4.5
Throwing       | 2 |  2.6
Fighting       | 3 4 5 |  5.1
Spellcasting   | 1 2 3 |  3.6
Short Blades   | 3 4 5 |  5.0
Evocations     | 2 3 |  3.4
Conjurations   | 1 2 |  2.3
Earth Magic    | 1 2 |  2.2

Action                     |  1- 3 |  4- 6 |  7- 9 | 10-12 || total
---------------------------+-------+-------+-------+-------++-------
  Melee: Dagger            |    24 |       |       |       ||    24
         Tailslap          |     3 |    10 |    17 |    15 ||    45
         War axe           |    30 |    99 |   118 |    91 ||   338
  Throw: Dart              |    15 |    20 |    11 |       ||    46
   Cast: Stone Arrow       |       |       |    17 |     2 ||    19
 Invoke: Slouch            |       |       |     1 |     1 ||     2
Ability: Breathe Fire      |       |       |    30 |     9 ||    39
  Evoke: Wand              |       |       |     3 |     2 ||     5
    Use: Scroll            |     5 |     7 |     4 |     4 ||    20
         Potion            |       |     9 |     2 |     1 ||    12
   Stab: Sleeping          |    13 |     4 |     1 |       ||    18
 Armour: Skin              |    33 |   112 |   103 |    49 ||   297
  Dodge: Dodged            |    27 |    59 |    94 |    61 ||   241
  Block: Buckler           |    10 |    52 |   109 |    82 ||   253
         Reflection        |       |     1 |     2 |     3 ||     6
